Map: Caverne nascoste

Players

ShadowNoob

  • Race: Terran Terran

RastaPopuloS

  • Race: Zerg Zerg

Nathuram

  • Race: Zerg Zerg

Tanguy

  • Race: Protoss Protoss
  • League: Gold

LaWeedaLoca - Winner!

  • Race: Zerg Zerg
  • League: Master

illusio - Winner!

  • Race: Terran Terran
  • League: Platinum

IlBirraioOo - Winner!

  • Race: Terran Terran
  • League: Diamond

Jhyrachy - Winner!

  • Race: Zerg Zerg

VOD

Have the link to the VOD?

Description

Time

  • Played on: Feb. 6, 2016, 4:54 p.m.
  • Length: 15:50
Show
View Real Time Build Order
Export as new Build Order

ShadowNoob Terran 

Build Orders:  

Get SALT Encoding   

  12  0:17  Supply Depot  
  12  0:21  Refinery  
  12  0:25  SCV  
  13  0:37  SCV  
  14  0:49  SCV  
  15  1:01  SCV  
  16  1:33  SCV  
  17  1:45  SCV  
  18  1:55  Barracks  
  18  1:57  SCV  
  18  1:58  Barracks  
  18  2:01  Barracks  
  19  2:05  Barracks  
  19  2:09  SCV  
  19  2:11  Refinery  
  20  2:21  SCV  
  21  2:33  SCV  
  21  2:35  Supply Depot  
  22  2:46  SCV  
  23  2:55  Barracks Tech Lab  
  23  2:56  Barracks Reactor, Barracks Tech Lab  
  23  2:57  Barracks Reactor  
  23  2:58  SCV  
  24  3:08  Supply Depot  
  24  3:10  SCV  
  25  3:22  SCV  
  26  3:27  Marauder  
  26  3:28  Marauder  
  29  3:38  Marine x2  
  29  3:39  Marine x2  
  33  3:44  Combat Shields  
  33  3:51  Refinery  
  33  3:57  Marauder x2  
  33  4:00  Marine x2  
  39  4:11  Supply Depot  
  39  4:23  Supply Depot  
  39  4:33  Marauder x2, Marine x4  
  47  4:42  Orbital Command  
  47  5:00  Factory  
  47  5:03  Marauder x2  
  51  5:12  Supply Depot  
  51  5:17  Supply Depot  
  51  5:28  Marine x2  
  51  5:29  Marine x2  
  55  6:04  Factory Tech Lab  
  55  6:07  Marauder x2, Marine x2  
  55  6:08  Marine x2  
  63  6:25  Marine x3  
  63  6:26  Marine  
  63  6:28  Marauder  
  63  6:29  Marauder  
  71  6:45  Supply Depot x2  
  71  6:48  Supply Depot  
  71  6:51  Supply Depot  
  71  7:07  Siege Tank  
  74  7:29  Concussive Shells  
  74  7:34  Stimpack  
  74  7:38  Marauder x2, Marine x3  
  74  7:39  Marine  
  82  7:56  Marine x2  
  84  8:15  Siege Tank  
  85  8:47  Siege Tank  
  88  9:05  Marauder x2, Marine x3  
  88  9:06  Marine  
  96  9:23  Marine x4  
  100  9:26  Marauder  
  102  10:27  Marauder  
  101  10:39  Siege Tank  
  101  11:12  Siege Tank  
  32  13:21  Orbital Command  
  32  13:37  Command Center  
Show
View Real Time Build Order
Export as new Build Order

RastaPopuloS Zerg 

Build Orders: Hatch First 

Get SALT Encoding   

  12  0:11  Drone  
  12  0:13  Overlord  
  13  0:21  Drone  
  14  0:31  Drone  
  15  0:36  Drone  
  16  0:59  Hatchery  
  16  1:01  Drone  
  16  1:14  Spawning Pool  
  16  1:18  Drone  
  16  1:21  Drone  
  16  1:25  Drone  
  18  1:28  Extractor  
  17  1:43  Overlord  
  17  2:01  Queen  
  19  2:05  Zergling x2  
  19  2:06  Zergling x2  
  21  2:12  Queen  
  23  2:19  Spine Crawler  
  22  2:23  Zergling x2  
  22  2:24  Zergling x2  
  24  2:33  Metabolic Boost  
  24  2:59  Zergling x12  
  30  3:12  Zergling x4  
  32  3:24  Zergling x8  
  32  3:53  Overlord x3  
  31  4:20  Zergling x2  
  31  4:21  Zergling x16  
  40  4:46  Zergling x10  
  34  5:19  Zergling x2  
  34  5:20  Zergling x14  
  35  5:36  Zergling x10  
  40  5:58  Overlord  
  25  6:40  Zergling x6  
  25  6:41  Zergling x22  
  39  7:00  Drone x3  
  42  7:02  Drone x2  
  42  7:04  Drone  
  45  7:17  Drone  
  45  7:18  Drone x3  
  44  7:45  Drone x6  
  44  7:47  Drone x2  
  44  7:49  Overlord  
  52  7:52  Overlord  
  52  8:30  Lair  
  45  9:13  Extractor  
  45  9:16  Roach Warren  
  43  9:37  Hatchery  
  42  9:40  Evolution Chamber  
  42  9:41  Evolution Chamber  
  42  9:45  Overlord  
  40  9:50  Overlord  
  40  9:52  Overlord  
  40  9:53  Overlord  
  40  9:55  Overlord  
  40  10:04  Overlord  
  40  10:08  Zerg Missile Weapons Level 1  
  40  10:09  Zerg Ground Armor Level 1  
  40  10:13  Roach x8  
  56  10:14  Zergling x2  
  56  10:15  Zergling x28  
  71  10:41  Drone, Extractor  
  71  10:42  Drone x2, Extractor  
  73  10:43  Drone  
  73  10:44  Drone x2  
  75  11:02  Glial Reconstitution  
  75  11:12  Queen  
  75  11:13  Drone x3  
  80  11:19  Drone x5  
  80  11:20  Drone  
  86  11:28  Spine Crawler  
  86  11:30  Drone, Spine Crawler  
  86  11:31  Spine Crawler  
  84  11:37  Roach x4  
  84  11:38  Roach x5  
  82  12:19  Roach x5  
  82  12:20  Roach x7  
  101  12:37  Zerg Missile Weapons Level 2  
  101  12:38  Zerg Ground Armor Level 2  
  101  12:40  Roach  
  101  12:41  Roach  
  106  12:44  Drone  
  106  12:45  Drone  
  106  12:47  Drone  
  108  13:01  Overlord x2  
  108  13:02  Overlord  
  108  13:07  Drone  
  108  13:08  Drone x3  
  110  13:31  Drone x6  
  110  13:32  Drone  
  110  13:34  Roach x4  
Show
View Real Time Build Order
Export as new Build Order

Nathuram Zerg 

Build Orders: Hatch First 

Get SALT Encoding   

  12  0:03  Drone  
  13  0:12  Overlord  
  13  0:17  Drone  
  14  0:33  Drone x2  
  16  0:38  Drone  
  17  0:49  Drone  
  18  1:02  Hatchery  
  17  1:07  Drone  
  18  1:17  Spawning Pool  
  17  1:18  Drone  
  17  1:23  Extractor, Drone  
  18  1:43  Drone x2  
  20  1:51  Drone  
  21  2:11  Drone  
  21  2:12  Overlord  
  21  2:14  Queen  
  24  2:20  Drone  
  24  2:21  Queen  
  27  2:29  Drone  
  28  2:30  Overlord  
  28  2:43  Zergling x4  
  30  2:49  Queen  
  29  3:00  Zergling x2  
  29  3:01  Zergling x6  
  32  3:08  Queen  
  33  3:20  Metabolic Boost  
  27  3:37  Zergling x8  
  30  3:43  Queen  
  32  3:52  Drone x4, Roach Warren  
  32  3:53  Drone x2  
  32  3:54  Zergling x2  
  35  4:19  Zergling x12  
  35  4:20  Zergling x4  
  40  4:39  Zergling x8  
  40  4:43  Drone  
  40  4:44  Extractor  
  39  4:49  Zergling x6  
  39  4:50  Zergling x2  
  39  4:58  Drone  
  40  5:18  Zergling x12  
  40  5:19  Zergling x2  
  44  5:27  Roach x2  
  35  5:37  Zergling x10  
  35  5:46  Zergling x4  
  35  5:47  Zergling x2  
  33  5:54  Roach  
  33  5:55  Roach  
  30  6:00  Zergling x6  
  26  6:14  Drone x2  
  26  6:16  Drone  
  29  6:25  Zergling x4  
  31  6:28  Drone  
  30  6:35  Drone  
  28  6:46  Roach x2  
  19  6:56  Roach  
  21  7:13  Drone  
  21  7:14  Drone x2  
  21  7:15  Queen  
  26  7:19  Drone  
  26  7:20  Drone  
  28  7:26  Roach  
  30  7:37  Roach  
  32  7:47  Roach  
  34  8:08  Roach x2  
  38  8:14  Hatchery  
  38  8:16  Extractor  
  36  8:30  Drone x2  
  36  8:31  Overlord  
  38  9:09  Roach x3  
  44  9:17  Queen, Evolution Chamber  
  43  9:19  Evolution Chamber  
  44  9:28  Drone x4  
  44  9:29  Drone  
  49  9:49  Roach  
  49  9:51  Overlord  
  51  9:54  Drone  
  52  10:17  Spine Crawler  
  52  10:20  Spine Crawler  
  50  10:26  Roach x4  
  46  10:52  Roach x3  
  52  11:08  Drone x2  
  26  11:52  Roach x2  
  30  11:56  Hatchery  
  23  12:45  Zergling x2  
  23  12:48  Roach  
  26  13:11  Drone  
  26  13:12  Drone x3  
  30  13:14  Hatchery  
  29  13:36  Hatchery  
  21  14:37  Roach x6  
Show
View Real Time Build Order
Export as new Build Order

Tanguy Protoss 

Build Orders:  

Get SALT Encoding   

  12  0:01  Probe (Chrono Boost)  
  13  0:20  Pylon  
  13  0:23  Probe (Chrono Boost)  
  14  0:34  Probe (Chrono Boost)  
  15  0:40  Gateway  
  15  0:48  Gateway  
  15  0:54  Assimilator  
  15  1:08  Probe (Chrono Boost)  
  17  1:18  Probe (Chrono Boost)  
  17  1:19  Pylon  
  17  1:29  Probe (Chrono Boost)  
  18  1:35  Cybernetics Core  
  18  1:40  Pylon  
  18  1:48  Probe (Chrono Boost)  
  18  1:50  Assimilator  
  19  2:03  Probe (Chrono Boost)  
  20  2:18  Nexus  
  20  2:29  Adept x2  
  24  2:39  Mothership Core (Chrono Boost)  
  26  2:44  Warp Gate  
  26  2:58  Pylon  
  26  3:02  Probe (Chrono Boost)  
  28  3:13  Probe (Chrono Boost)  
  28  3:34  Stargate  
  28  3:36  Twilight Council  
  28  3:45  Probe (Chrono Boost)  
  30  3:55  Probe (Chrono Boost)  
  30  3:59  Adept x2  
  34  4:18  Oracle, Pylon  
  34  4:21  Pylon  
  35  4:37  Resonating Glaives  
  33  4:41  Probe (Chrono Boost)  
  34  4:51  Probe (Chrono Boost), Pylon  
  35  4:53  Pylon  
  31  5:02  Probe (Chrono Boost)  
  32  5:08  Oracle  
  32  5:11  Adept x2  
  32  5:12  Probe (Chrono Boost)  
  40  5:14  Probe (Chrono Boost)  
  41  5:23  Probe (Chrono Boost)  
  41  5:25  Probe (Chrono Boost)  
  40  5:59  Stalker x2  
  44  6:08  Void Ray  
  44  6:11  Probe x2 (Chrono Boost)  
  50  6:21  Probe (Chrono Boost)  
  50  6:22  Probe (Chrono Boost)  
  52  6:30  Stalker x2  
  52  6:38  Gateway  
  52  6:39  Gateway  
  52  6:41  Gateway  
  52  6:45  Robotics Facility  
  52  6:57  Stalker x2  
  56  7:22  Assimilator  
  54  7:23  Pylon  
  54  7:24  Probe x2 (Chrono Boost), Pylon  
  54  7:26  Assimilator  
  54  7:27  Pylon  
  54  7:50  Blink  
  54  7:51  Void Ray  
  58  8:07  Adept x3  
  58  8:08  Adept  
  58  8:10  Adept  
  66  8:31  Immortal  
  70  8:39  Stalker x5  
  80  8:53  Void Ray  
  84  9:13  Stalker x3  
  84  9:14  Stalker  
  92  9:27  Probe x2 (Chrono Boost)  
  94  9:33  Immortal  
  94  9:37  Probe x2 (Chrono Boost)  
  100  9:53  Adept  
  100  9:54  Adept x4  
  100  9:58  Void Ray  
  114  10:06  Pylon  
  113  10:15  Stalker x2  
  117  10:41  Pylon  
  117  10:42  Pylon  
  117  10:45  Pylon  
  117  10:47  Forge  
  117  11:10  Adept x3  
  117  11:11  Adept x2  
  127  11:35  Stalker x2  
  127  11:36  Stalker x2  
  135  11:46  Nexus  
  134  12:07  Phoenix  
  136  12:16  Stargate  
  136  12:17  Protoss Ground Weapons Level 1  
  136  12:18  Stargate  
  136  12:21  Fleet Beacon  
  136  12:32  Phoenix  
  138  13:06  Anion Pulse-Crystals (Chrono Boost)  
  138  13:09  Phoenix  
  138  13:10  Phoenix  
  142  13:13  Pylon  
  142  13:14  Pylon  
  142  13:31  Phoenix  
  144  13:37  Nexus  
  144  13:44  Phoenix x2  
  148  13:56  Phoenix  
  150  14:20  Phoenix x2  
  131  14:47  Phoenix  
  133  14:52  Phoenix  
  133  14:58  Phoenix  
Show
View Real Time Build Order
Export as new Build Order

LaWeedaLoca Zerg - Winner!

Build Orders: Hatch First, Zergling Baneling 

Get SALT Encoding   

  12  0:01  Drone  
  13  0:13  Overlord  
  13  0:18  Drone  
  14  0:31  Drone x2  
  16  0:49  Drone x2  
  18  1:05  Drone  
  19  1:13  Hatchery  
  19  1:15  Spawning Pool  
  19  1:17  Drone  
  18  1:24  Extractor  
  18  1:25  Drone  
  18  1:36  Drone  
  19  1:53  Drone  
  19  1:54  Drone  
  21  2:04  Overlord  
  21  2:16  Zergling x2  
  21  2:22  Queen  
  24  2:33  Spine Crawler  
  23  2:45  Queen  
  23  2:47  Zergling x2  
  23  2:49  Drone x5  
  31  2:54  Metabolic Boost  
  32  3:04  Drone x2  
  34  3:14  Overlord  
  34  3:15  Drone  
  35  3:20  Drone  
  35  3:23  Overlord  
  36  3:33  Zergling x2  
  37  3:34  Drone x3  
  37  3:37  Queen  
  42  3:43  Baneling Nest  
  42  3:48  Zergling x6  
  43  3:55  Zergling x8  
  46  4:17  Zergling x6  
  46  4:18  Zergling x4  
  49  4:55  Baneling x10  
  49  4:56  Baneling x3  
  49  5:09  Hatchery  
  49  5:10  Extractor  
  49  5:12  Drone  
  49  5:13  Drone x4, Overlord  
  49  5:14  Overlord  
  45  5:41  Drone  
  45  5:42  Drone x8  
  53  5:44  Extractor  
  53  5:45  Extractor  
  53  5:46  Lair  
  50  5:51  Spore Crawler  
  50  5:53  Spore Crawler  
  46  5:58  Drone  
  46  5:59  Drone x5  
  52  6:05  Zergling x2  
  53  6:15  Zergling x4  
  55  6:22  Evolution Chamber  
  55  6:23  Evolution Chamber  
  55  6:28  Zergling x2  
  55  6:29  Zergling x10  
  59  6:44  Drone x6  
  65  6:50  Hatchery  
  65  6:52  Zerg Ground Armor Level 1  
  65  6:53  Infestation Pit  
  65  6:54  Zerg Melee Weapons Level 1  
  63  6:57  Drone x4  
  67  7:04  Drone x7  
  74  7:13  Overlord x5  
  74  7:16  Extractor  
  74  7:17  Extractor  
  72  7:26  Zergling x2  
  72  7:27  Zergling x2  
  74  7:53  Hive  
  74  7:58  Drone  
  75  7:59  Drone x16  
  91  8:37  Hatchery  
  91  8:39  Zergling x2  
  91  8:40  Zergling x44  
  113  8:51  Zerg Melee Weapons Level 2  
  113  8:52  Zerg Ground Armor Level 2  
  113  9:06  Adrenal Glands  
  106  9:15  Ultralisk Cavern  
  104  9:21  Zergling x20  
  104  9:22  Zergling x14  
  120  9:29  Overlord  
  120  9:30  Overlord x2  
  120  9:31  Overlord x3  
  120  9:41  Overlord x4  
  115  10:02  Chitinous Plating  
  115  10:04  Ultralisk x8  
  163  10:09  Ultralisk  
  169  10:21  Ultralisk  
  155  10:36  Ultralisk  
  155  10:37  Ultralisk  
  153  11:15  Zerg Melee Weapons Level 3  
  153  11:16  Zerg Ground Armor Level 3  
  134  11:24  Ultralisk  
  141  11:25  Zergling x2  
  141  11:26  Zergling x38  
  141  11:27  Zergling x16  
  168  11:46  Extractor  
  167  11:55  Spire  
  167  12:01  Extractor  
  165  12:02  Extractor  
  165  12:44  Ultralisk x4  
  172  13:08  Zerg Flyer Armor Level 1, Corruptor x4  
  172  13:09  Corruptor  
  182  13:13  Corruptor  
  184  13:25  Corruptor x2  
  188  13:38  Corruptor x3  
  194  13:41  Corruptor  
  196  13:50  Corruptor  
  196  13:51  Corruptor  
  200  13:56  Hatchery  
  150  15:11  Ultralisk x2  
  150  15:14  Zergling x10  
  185  15:15  Zergling x20  
Show
View Real Time Build Order
Export as new Build Order

illusio Terran - Winner!

Build Orders: Liberator Opening, Reaper Expand, Bio Tank 

Get SALT Encoding   

  12  0:01  SCV  
  13  0:13  SCV  
  14  0:23  Supply Depot  
  14  0:25  SCV  
  15  0:44  SCV  
  15  0:47  Barracks  
  16  0:56  Refinery, SCV  
  17  1:09  SCV  
  18  1:21  SCV  
  19  1:37  Orbital Command  
  19  1:41  Reaper  
  20  1:47  Command Center  
  20  1:51  Supply Depot  
  20  2:04  SCV  
  21  2:14  Barracks Reactor  
  21  2:17  SCV  
  22  2:29  SCV  
  23  2:33  Refinery  
  23  2:35  Factory  
  23  2:41  SCV  
  24  3:00  Marine x2  
  26  3:05  Orbital Command  
  26  3:17  Marine  
  26  3:18  Marine  
  28  3:26  Factory Tech Lab  
  28  3:29  Starport  
  28  3:33  SCV x2  
  29  3:35  Marine x2  
  31  3:45  SCV x2, Supply Depot  
  31  3:46  Siege Tank  
  36  3:52  Barracks  
  36  3:54  Liberator  
  36  3:56  Engineering Bay, Barracks  
  36  4:00  SCV  
  40  4:19  SCV  
  40  4:23  Marine x2  
  43  4:25  Siege Tank  
  43  4:30  SCV  
  47  4:31  SCV  
  47  4:34  Refinery  
  48  4:40  Bunker  
  48  4:41  Barracks Tech Lab  
  48  4:42  SCV  
  48  4:44  Barracks Tech Lab  
  49  4:46  Marine  
  49  4:47  Marine  
  51  5:02  Siege Tank, Command Center  
  54  5:08  Refinery  
  54  5:18  Supply Depot  
  54  5:20  Supply Depot  
  54  5:24  Supply Depot  
  54  5:33  Combat Shields, Stimpack  
  54  5:40  SCV x2  
  52  5:52  SCV x2, Starport Reactor  
  52  5:53  Siege Tank  
  52  5:55  Marauder x2  
  52  5:56  Marine x2  
  63  6:04  SCV x2  
  62  6:16  SCV  
  48  6:32  SCV  
  48  6:33  SCV  
  50  6:43  Orbital Command  
  50  6:45  SCV x2  
  51  6:54  Medivac  
  51  6:55  Medivac  
  51  6:56  Siege Tank  
  51  6:57  SCV x2  
  60  7:09  SCV x2  
  60  7:11  Marauder  
  60  7:12  Marauder, Marine  
  60  7:13  Marine  
  68  7:20  SCV  
  68  7:21  SCV x2  
  69  7:32  SCV  
  69  7:33  SCV x2  
  72  7:44  SCV  
  73  7:51  SCV  
  73  7:52  SCV  
  73  7:56  SCV  
  73  7:57  Medivac x2  
  80  7:58  Siege Tank  
  80  8:00  Marauder x2, Marine  
  80  8:01  Marine  
  80  8:04  SCV  
  90  8:21  Marauder  
  90  8:23  Barracks  
  90  8:25  Barracks  
  92  8:29  Engineering Bay  
  92  8:30  Barracks  
  92  8:33  Engineering Bay  
  92  8:37  Marauder  
  92  8:54  Marine  
  92  8:55  Marine x2  
  93  9:02  SCV x2  
  93  9:05  Refinery  
  93  9:07  Refinery, SCV  
  92  9:10  Terran Infantry Weapons Level 1, Terran Infantry Armor Level 1  
  92  9:14  SCV  
  92  9:15  Armory  
  93  9:20  Supply Depot, Medivac x2  
  93  9:22  Supply Depot  
  90  9:33  SCV x3  
  93  9:45  SCV x2  
  95  9:46  Supply Depot x2  
  95  9:50  Command Center  
  95  9:53  Siege Tank, Liberator, Medivac  
  95  9:57  SCV  
  101  10:06  Marauder x2, Liberator  
  105  10:07  Marine  
  105  10:10  SCV  
  110  10:16  Supply Depot  
  110  10:20  Supply Depot  
  110  10:22  SCV  
  110  10:24  Barracks Reactor x3  
  114  10:30  SCV x2  
  114  10:34  SCV  
  117  10:35  Liberator  
  117  10:40  Missile Turret  
  117  10:41  Supply Depot  
  117  10:42  SCV  
  117  10:43  SCV  
  117  10:46  SCV  
  117  10:49  Liberator  
  120  10:53  Siege Tank  
  126  11:00  Missile Turret  
  126  11:06  Orbital Command  
  126  11:09  SCV x3  
  132  11:18  Liberator  
  132  11:20  Missile Turret  
  132  11:21  SCV x2  
  132  11:22  Starport  
  132  11:23  Terran Ship Weapons Level 1  
  132  11:24  Terran Infantry Weapons Level 2  
  134  11:26  Starport  
  134  11:33  SCV x2  
  134  11:34  SCV x2  
  141  11:40  Refinery  
  141  11:41  Missile Turret  
  141  11:44  Refinery  
  141  11:45  SCV  
  141  11:46  SCV x2  
  148  11:54  Marauder x2, Marine x2  
  148  11:55  Marine x6  
  148  11:57  Siege Tank  
  159  12:09  Command Center  
  159  12:12  Marine x4  
  159  12:13  Marine x4  
  162  12:15  Marauder  
  162  12:16  Marauder  
  159  12:26  Supply Depot  
  159  12:27  Supply Depot  
  159  12:29  Siege Tank  
  162  12:30  Marine  
  162  12:35  Marine, Supply Depot  
  164  12:37  Supply Depot  
  164  12:40  Supply Depot  
  164  12:42  Supply Depot  
  164  12:45  Supply Depot  
  164  12:46  Supply Depot x2  
  164  12:47  Marine x2  
  164  12:48  Marine x4  
  164  12:49  Starport Tech Lab  
  164  12:50  Starport Reactor  
  170  12:54  Terran Infantry Armor Level 2  
  170  12:59  Marine x4  
  170  13:01  Siege Tank  
  177  13:07  Supply Depot  
  177  13:08  Liberator x3  
  177  13:11  Supply Depot  
  177  13:14  SCV x4  
  177  13:18  Marauder x2  
  185  13:21  Liberator x2  
  194  13:39  Fusion Core  
  200  13:54  Concussive Shells  
  193  14:09  Marine  
  193  14:10  Marine x6  
  200  14:37  Planetary Fortress  
  200  14:44  Command Center  
  194  15:24  Marine x3  
  194  15:25  Marine x3  
Show
View Real Time Build Order
Export as new Build Order

IlBirraioOo Terran - Winner!

Build Orders:  

Get SALT Encoding   

  12  0:01  SCV  
  13  0:13  SCV  
  14  0:25  SCV, Supply Depot  
  15  0:47  SCV  
  16  0:50  Barracks  
  16  0:51  Refinery  
  16  0:56  Barracks  
  16  1:00  SCV  
  17  1:07  Refinery  
  17  1:13  SCV  
  18  1:27  Barracks  
  18  1:38  Reaper  
  19  1:45  Reaper  
  20  1:53  Orbital Command  
  20  2:03  Supply Depot  
  20  2:13  Reaper  
  22  2:15  Reaper  
  22  2:19  SCV  
  23  2:30  Reaper  
  23  2:32  SCV  
  25  3:00  Reaper x2  
  25  3:02  Reaper  
  28  3:32  Reaper  
  28  3:33  Reaper  
  30  3:35  Reaper  
  31  3:53  Supply Depot  
  31  3:56  SCV  
  32  4:04  Reaper  
  32  4:05  Reaper  
  32  4:07  Reaper  
  34  4:36  Reaper  
  34  4:37  Reaper  
  35  4:39  Reaper  
  34  5:09  Reaper x2  
  34  5:11  Reaper, Barracks  
  34  5:12  Barracks x3  
  37  5:41  Reaper x2  
  39  5:43  Reaper  
  40  6:03  Reaper x3  
  40  6:04  Reaper  
  40  6:13  Reaper x2  
  40  6:15  Reaper  
  40  6:17  SCV  
  44  6:29  SCV  
  44  6:35  Reaper x2  
  43  6:49  Reaper x3  
  46  6:59  Command Center  
  46  7:03  Reaper  
  47  7:29  Reaper  
  47  7:31  SCV  
  47  7:34  Reaper  
  47  7:42  Reaper  
  47  7:49  Supply Depot  
  47  7:50  Supply Depot  
  47  8:10  Reaper x5, Marine, SCV  
  54  8:22  SCV  
  54  8:24  Reaper  
  54  8:32  Orbital Command  
  54  8:34  SCV  
  54  8:37  Reaper  
  56  8:42  Reaper  
  57  8:48  Reaper  
  53  9:06  Reaper x2  
  55  9:13  Refinery  
  55  9:14  Refinery  
  55  9:17  Reaper  
  56  9:25  SCV x2  
  57  9:47  Reaper x3  
  60  9:56  SCV x2  
  60  9:57  Reaper x2  
  64  10:12  Reaper  
  64  10:13  Reaper  
  66  10:19  Reaper  
  62  10:42  Reaper x2  
  60  10:43  Reaper x2  
  60  10:44  Reaper  
  52  11:02  Marine x2  
  50  11:14  Marine x4  
  50  11:16  Marine  
  55  11:19  Marine  
  55  11:20  Marine  
  55  11:32  Marine x4  
  54  11:34  Marine  
  54  11:37  Marine x2  
  60  11:47  SCV  
  60  11:50  Marine x3  
  63  12:01  Supply Depot x2  
  63  12:19  Barracks Reactor  
  63  12:20  Barracks Reactor x6  
  63  12:22  Barracks Tech Lab, SCV  
  64  12:23  Barracks Tech Lab  
  64  12:35  SCV  
  65  12:41  Command Center  
  65  12:43  Combat Shields, Stimpack  
  65  12:47  SCV  
  65  12:50  Command Center  
  66  12:55  Marine  
  66  12:56  Marine  
  66  12:57  Marine x6  
  66  12:58  Marine x4  
  78  12:59  SCV  
  79  13:21  Marine x5, SCV  
  79  13:22  Marine  
  86  13:37  Supply Depot  
  86  13:57  Orbital Command  
  86  14:00  Marine  
  86  14:01  Marine  
  88  14:12  Orbital Command  
  88  14:25  Marine x3  
  88  14:26  Marine x4  
  95  14:38  Marine x5  
  96  14:43  Marine  
  101  14:45  Marine  
  101  14:46  Marine x3  
  104  15:09  Marine x3  
  104  15:10  Marine x7  
  104  15:11  Marine x2  
Show
View Real Time Build Order
Export as new Build Order

Jhyrachy Zerg - Winner!

Build Orders: Pool First 

Get SALT Encoding   

  12  0:02  Drone  
  13  0:10  Drone  
  14  0:17  Overlord  
  14  0:36  Drone x3  
  17  0:47  Extractor  
  17  0:48  Drone  
  17  0:54  Spawning Pool  
  16  0:59  Drone  
  17  1:23  Drone  
  18  1:28  Drone  
  18  1:29  Hatchery  
  18  1:33  Drone  
  19  1:50  Metabolic Boost  
  19  2:00  Overlord, Queen  
  19  2:01  Overlord  
  21  2:27  Drone x3  
  24  2:35  Queen  
  26  2:45  Queen  
  26  2:46  Zergling x2  
  26  2:47  Zergling x2  
  30  3:25  Drone  
  30  3:26  Drone x4  
  35  3:29  Zergling x8  
  39  3:51  Drone x3  
  42  4:04  Extractor, Roach Warren  
  42  4:05  Drone x4  
  44  4:26  Overlord x2  
  44  4:27  Overlord  
  39  5:16  Roach x4  
  39  5:17  Roach x5  
  39  5:19  Overlord x3  
  57  5:24  Extractor  
  57  5:27  Extractor  
  55  5:37  Lair  
  55  5:39  Drone  
  55  5:42  Drone  
  57  6:07  Hatchery  
  51  6:58  Spire  
  50  7:10  Drone  
  50  7:11  Drone x3  
  50  7:12  Drone  
  50  7:14  Drone  
  50  7:15  Drone x8  
  64  7:47  Queen  
  64  7:49  Overlord x3  
  66  8:17  Mutalisk  
  66  8:18  Mutalisk x6  
  80  8:23  Queen  
  82  8:34  Drone  
  82  8:35  Drone x9  
  92  9:07  Extractor, Drone  
  92  9:08  Drone x2, Extractor  
  92  9:09  Drone x3  
  96  9:11  Drone x9  
  105  9:22  Mutalisk  
  105  9:23  Mutalisk x3  
  113  9:39  Extractor  
  113  9:40  Zerg Flyer Weapons Level 1  
  113  9:41  Hatchery, Extractor  
  110  10:03  Mutalisk x2  
  110  10:04  Mutalisk x3  
  110  10:06  Overlord x4  
  120  10:26  Drone x2  
  120  10:27  Drone  
  120  10:28  Drone x3  
  125  10:30  Mutalisk x2  
  125  10:31  Mutalisk x4  
  138  10:58  Mutalisk x2  
  138  10:59  Mutalisk x4  
  149  11:34  Zerg Flyer Armor Level 1  
  149  12:02  Mutalisk x5  
  149  12:08  Overlord x5  
  159  12:41  Mutalisk  
  159  12:42  Mutalisk x13  
  187  13:07  Mutalisk  
  187  13:08  Mutalisk x5  
  199  13:28  Zerg Flyer Weapons Level 2  
  199  13:47  Infestation Pit  
  198  13:54  Hatchery  
Tags
 
Add a new tag
Caveats
  • Supply blocks, unpowered buildings, or Contaminate may cause inaccurate times.
  • Supply counts are checked every 10 seconds.